 Dungeon Crawl Stone Soup version 0.26.1-10-gdfb7c7de75 (webtiles) character file.

Game seed: 4480350519907164721

401 pilgrim the Slasher (level 6, -2/47 HPs)
             Began as a Demonspawn Fighter on Apr 1, 2021.
             Slain by a bullfrog (5 damage)
             ... in a sewer.
             The game lasted 00:13:56 (4201 turns).

pilgrim the Slasher (Demonspawn Fighter)            Turns: 4201, Time: 00:13:56

Health: -2/47      AC: 10    Str: 18 (19) XL:     6   Next: 54%
Magic:  6/6        EV:  8    Int:  6 (9)  God:
Gold:   158        SH:  8    Dex: 10 (12) Spells: 5/5 levels left

rFire    . . .     SeeInvis .   a - +0 long sword
rCold    . . .     Faith    .   c - +0 kite shield
rNeg     . . .     Spirit   .   k - quicksilver dragon scales
rPois    .         Reflect  .   (no helmet)
rElec    .         Harm     .   (no cloak)
rCorr    .         Rampage  .   (no gloves)
Will     +....                  (no boots)
Stlth    ..........             (no amulet)
HPRegen  0.15/turn              (no ring)
MPRegen  0.10/turn              (no ring)

@: mighty, brilliant, very slow
A: claws 2, powered by pain 1
a: no special abilities


You were in a sewer.
You visited 1 branch of the dungeon, and saw 3 of its levels.
You also visited: Sewer.

You collected 158 gold pieces.

Inventory:

Hand Weapons
 a - a +0 long sword (weapon)
Missiles
 e - a throwing net (quivered)
Armour
 c - a +0 kite shield (worn)
 k - quicksilver dragon scales (worn)
 p - a scarf of harm
Wands
 o - a wand of flame (10)
Scrolls
 b - 2 scrolls of fog {unknown}
 f - 2 scrolls of identify {unknown}
 h - 2 scrolls of enchant weapon {unknown}
 i - 3 scrolls of magic mapping {unknown}
 j - a scroll of random uselessness {unknown}
 m - 2 scrolls of teleportation {unknown}
 n - 2 scrolls of remove curse {unknown}
Potions
 d - 2 potions of might
 l - a potion of brilliance


   Skills:
 - Level 3.1 Fighting
 * Level 5.1 Long Blades
 + Level 4.3 Armour
 - Level 3.0 Shields


You had 5 spell levels left.
You didn't know any spells.
Your spell library was empty.

Dungeon Overview and Level Annotations

Branches:
Dungeon (3/15)              Sewer (1/1)

Altars:


Innate Abilities, Weirdness & Mutations

You have very sharp fingernails.
You sometimes gain a little power by taking damage.


Message History

The bullfrog hits you.
* * * LOW HITPOINT WARNING * * *
The bullfrog hits you.
* * * LOW HITPOINT WARNING * * *
You block the bullfrog's attack. The bullfrog barely misses you.
You riposte.
You closely miss the bullfrog.
The bullfrog hits you but does no damage.
You block the bullfrog's attack. The bullfrog hits you.
* * * LOW HITPOINT WARNING * * *
You block the bullfrog's attack. The bullfrog barely misses you.
You block the bullfrog's attack. The bullfrog hits you.
* * * LOW HITPOINT WARNING * * *
You block the bullfrog's attack. x2; The bullfrog barely misses you.
You riposte.
You closely miss the bullfrog.
It was a potion of brilliance.
You feel clever all of a sudden.
The bullfrog hits you but does no damage.
The bullfrog hits you.
You die...

# ###################
..#≈≈≈≈≈≈≈≈≈≈≈≈≈≈≈..###
..≈≈≈≈≈≈†..≈≈≈≈≈≈≈≈...##
...≈≈≈≈≈≈≈J#J≈≈≈≈≈≈....#
J.≈≈≈≈≈≈≈≈≈≈F@≈≈≈≈.....#
..≈≈≈≈≈≈≈≈≈≈F≈≈≈≈≈≈....##
..#≈≈≈≈≈≈≈≈≈≈≈≈≈≈≈......#
##################....#
####...## #..#....#
#..'....# #####...#
##...##


You could see 2 bullfrogs and 2 oozes.

Vanquished Creatures
  Sigmund (D:2)
  4 gnolls (D:2)
  4 adders
  9 river rats
  4 worms (D:2)
  2 leopard geckos
  11 ball pythons (Sewer)
  3 bats
  2 giant cockroaches (D:3)
  3 hobgoblins (D:1)
  11 jackals (D:1)
  A quokka (D:2)
  8 frilled lizards
  9 goblins
  5 kobolds
  23 rats
100 creatures vanquished.

Notes
Turn   | Place    | Note
-------+----------+-------------------------------------------
     0 | D:1      | pilgrim the Demonspawn Fighter began the quest for the Orb.
     0 | D:1      | Reached XP level 1. HP: 18/18 MP: 1/1
   306 | D:1      | Gained mutation: You sometimes gain a little power by
                  | taking damage. [demonic ancestry]
   306 | D:1      | Reached XP level 2. HP: 17/24 MP: 2/2
   489 | D:1      | Reached skill level 2 in Long Blades
   797 | D:1      | Gained mutation: You have sharp fingernails. [demonic
                  | ancestry]
   797 | D:1      | Reached XP level 3. HP: 26/29 MP: 3/3
  1198 | D:2      | HP: 1/29 [gnoll/+0 halberd (6)]
  1254 | D:2      | Reached skill level 3 in Long Blades
  1525 | D:2      | Reached XP level 4. HP: 30/35 MP: 4/4
  2193 | D:2      | Noticed Sigmund
  2205 | D:2      | Killed Sigmund
  2206 | D:2      | Reached skill level 4 in Long Blades
  2206 | D:2      | Gained mutation: You have very sharp fingernails. [demonic
                  | ancestry]
  2206 | D:2      | Reached XP level 5. HP: 4/41 MP: 5/5
  2899 | D:3      | Found a glowing drain.
  2921 | D:3      | Reached XP level 6. HP: 37/47 MP: 6/6
  2935 | Sewer    | Entered a sewer
  3412 | Sewer    | Reached skill level 5 in Long Blades
  4201 | Sewer    | Slain by a bullfrog

Illustrated notes

Levels and vault maps discovered:
D:1:      beargit_arrival_greenhouse, layout_rooms, minmay_close_crescents
D:2:      layout_loops_corners, uniq_sigmund
D:3:      layout_basic, portal_sewer_entry_a,
          chequers_ecumenical_altar_simple_redux, biasface_ghost_orc_armoury,
          uniq_grinder, uniq_crazy_yiuf_cottage
Sewer:    sewer_minmay_w

Skill      XL: |  1  2  3  4  5  6 |
---------------+-------------------+-----
Long Blades    | 2 3 4 5 |  5.1
Shields        | 3 |  3.0
Armour         | 3 4 |  4.3
Fighting       | |  3.1

Action                   |  1- 3 |  4- 6 || total
-------------------------+-------+-------++-------
Melee: Long sword        |   125 |   215 ||   340
  Use: Potion            |       |     7 ||     7
Armor: Scale mail        |    25 |       ||    25
       Plate armour      |    57 |       ||    57
       Quicksilver drago |    19 |   156 ||   175
Dodge: Dodged            |    43 |   126 ||   169
Block: Kite shield       |    65 |   177 ||   242
       Rpst.: Long sword |    16 |    43 ||    59
